[Event "Titled Tuesday Blitz October 19 2021"]
[White "Sjugirov, Sanan"]
[Black "Khanin, Semen"]
[WhiteFideId "4189302"]
[BlackFideId "4111990"]
[WhiteElo "2654"]
[BlackElo "2436"]
[Result "0-1"]
[Round "08"]
[TimeControl "180+1"]
[Date "2021.10.19"]
[WhiteClock "0:00:01"]
[BlackClock "0:00:16"]

1. d4 Nf6 2. c4 e6 3. Nc3 d5 4. cxd5 exd5 5. Bg5 c6 6. e3 Nbd7 7. Bd3 Bd6 8. Qc2 Nf8 9. f4 Ng6 10. Nf3 h6 11. Bxf6 Qxf6 12. Ne5 Nh4 13. O-O-O Bf5 14. g4 Bxd3 15. Qxd3 O-O-O 16. Kb1 Kb8 17. Rhg1 g6 18. Rdf1 h5 19. h3 hxg4 20. hxg4 Qe6 21. Qe2 f6 22. Nd3 Rde8 23. Rg3 g5 24. f5 Qd7 25. Rgg1 Rh7 26. Qf2 Rhe7 27. Re1 Qc7 28. Re2 Qa5 29. Rc1 Qa6 30. Rd1 Qc4 31. Ree1 Qa6 32. Kc2 Qa5 33. a3 Qc7 34. Re2 Bg3 35. Qg1 Nf3 36. Qg2 Rxe3 37. Rxe3 Rxe3 38. Kb1 Nxd4 39. Nc5 Be5 40. Qh1 a6 41. Qh8+ Ka7 42. Qf8 Rxc3 43. bxc3 Qb6+ 44. Ka2 Ne2 0-1


[Site "https://www.chess.com"]

[Event "Titled Tuesday Blitz October 19 2021"]
[White "Svidler, Peter"]
[Black "Abarca Gonzalez, Nicolas"]
[WhiteFideId "4102142"]
[BlackFideId "3409422"]
[WhiteElo "2709"]
[BlackElo "2504"]
[Result "1-0"]
[Round "08"]
[TimeControl "180+1"]
[Date "2021.10.19"]
[WhiteClock "0:00:55"]
[BlackClock "0:00:18"]

1. e4 c5 2. Nf3 d6 3. d4 cxd4 4. Nxd4 Nf6 5. Nc3 g6 6. g3 Bg7 7. Bg2 Bg4 8. Qd2 O-O 9. h3 Bd7 10. b3 Nc6 11. Nde2 Qa5 12. Bb2 Rfd8 13. O-O-O Rac8 14. Kb1 Be6 15. Nd5 Qxd2 16. Rxd2 Bxd5 17. exd5 Nb4 18. a3 Na6 19. Re1 Nc5 20. Nd4 Kf8 21. Rde2 Re8 22. Ka2 a6 23. c4 Nd3 24. Rd1 Nxb2 25. Kxb2 Nd7 26. Ka2 Rc5 27. Rc2 Bxd4 28. Rxd4 b5 29. b4 Rc7 30. Kb3 Rec8 31. Be4 f5 32. Bd3 Ne5 33. cxb5 Nxd3 34. Rxc7 Rxc7 35. bxa6 Ne5 36. b5 Nd7 37. Rc4 Rxc4 38. Kxc4 Ke8 39. a4 Nb6+ 40. Kb4 Nxd5+ 41. Ka5 Kd7 42. a7 Nc7 43. b6 1-0


[Site "https://www.chess.com"]

[Event "Titled Tuesday Blitz October 19 2021"]
[White "Szpar, Milosz"]
[Black "Obregon, Andres Carlos"]
[WhiteFideId "1184989"]
[BlackFideId "111724"]
[WhiteElo "2285"]
[BlackElo "2572"]
[Result "0-1"]
[Round "08"]
[TimeControl "180+1"]
[Date "2021.10.19"]
[WhiteClock "0:00:31"]
[BlackClock "0:01:00"]

1. e4 c6 2. d4 d5 3. e5 c5 4. Nf3 Bg4 5. dxc5 Nc6 6. Bb5 Qa5+ 7. Nc3 e6 8. Be3 Ne7 9. a3 Nf5 10. Bd4 Bxf3 11. gxf3 Nxd4 12. b4 Nxf3+ 13. Qxf3 Qc7 14. Qg3 g6 15. Ba4 a6 16. f4 Bg7 17. O-O O-O 18. Bb3 b6 19. Na4 bxc5 20. Nxc5 Rfb8 21. c3 Bf8 22. Nd3 Na5 23. Ba2 Nc4 24. Nf2 a5 25. Ng4 Bg7 26. Qh4 axb4 27. axb4 Nd2 28. Nf6+ Bxf6 29. exf6 Qd8 30. f5 Nxf1 31. fxe6 Qb6+ 32. Kxf1 Qxe6 33. Re1 Qf5+ 34. Kg1 Rxa2 35. Qf4 Qxf4 0-1


[Site "https://www.chess.com"]

[Event "Titled Tuesday Blitz October 19 2021"]
[White "Tang, Andrew"]
[Black "Nakamura, Hikaru"]
[WhiteFideId "2059630"]
[BlackFideId "2016192"]
[WhiteElo "2588"]
[BlackElo "2884"]
[Result "0-1"]
[Round "08"]
[TimeControl "180+1"]
[Date "2021.10.19"]
[WhiteClock "0:00:01"]
[BlackClock "0:00:20"]

1. d4 Nf6 2. c4 e6 3. Nc3 Bb4 4. Qc2 O-O 5. Nf3 d5 6. Bg5 h6 7. Bxf6 Qxf6 8. a3 Bxc3+ 9. Qxc3 dxc4 10. Qxc4 Nc6 11. Rd1 Rd8 12. g3 e5 13. d5 e4 14. Nd2 Ne5 15. Qxc7 Re8 16. Bg2 Nf3+ 17. Bxf3 exf3 18. e3 Bh3 19. Qc3 Qa6 20. Qc4 Qf6 21. Qc3 Qf5 22. Qd4 Rad8 23. g4 Rxd5 24. Qxg7+ Kxg7 25. gxf5 Bg2 26. Rg1 Red8 27. e4 R5d7 28. e5 Rd5 29. f6+ Kf8 0-1


[Site "https://www.chess.com"]

[Event "Titled Tuesday Blitz October 19 2021"]
[White "Timmermans, Mark"]
[Black "Jaracz, Pawel"]
[WhiteFideId "1026399"]
[BlackFideId "1102222"]
[WhiteElo "2460"]
[BlackElo "2495"]
[Result "0-1"]
[Round "08"]
[TimeControl "180+1"]
[Date "2021.10.19"]
[WhiteClock "0:00:41"]
[BlackClock "0:00:26"]

1. Nf3 d5 2. c4 c6 3. e3 Nf6 4. b3 e6 5. Bb2 Nbd7 6. Rg1 Bd6 7. g4 O-O 8. g5 Ne4 9. h4 f5 10. d3 Bb4+ 11. Ke2 Nd6 12. Ne5 Nxe5 13. Bxe5 Nf7 14. Bb2 e5 15. Nd2 Be6 16. a3 Bd6 17. Qc2 Qe7 18. b4 a5 19. c5 Bc7 20. Bh3 e4 21. Nb3 Be5 22. Bd4 a4 23. Qc3 Bd7 24. Nd2 Bxd4 25. exd4 Rae8 26. Rae1 f4 27. Bxd7 Qxd7 28. dxe4 dxe4 29. Kd1 Kh8 30. Rxe4 Rxe4 31. Nxe4 Qd5 32. f3 Ne5 33. Kc2 Nc4 34. Re1 Rd8 35. Re2 Ne3+ 36. Kb2 Nd1+ 0-1


[Site "https://www.chess.com"]

[Event "Titled Tuesday Blitz October 19 2021"]
[White "Tristan, Leonardo"]
[Black "Kezin, Roman"]
[WhiteFideId "113816"]
[BlackFideId "24124621"]
[WhiteElo "2404"]
[BlackElo "2557"]
[Result "1-0"]
[Round "08"]
[TimeControl "180+1"]
[Date "2021.10.19"]
[WhiteClock "0:00:10"]
[BlackClock "0:00:08"]

1. d4 d5 2. Nf3 Nf6 3. Bf4 c5 4. e3 Nc6 5. Nbd2 Bg4 6. c3 e6 7. Qb3 Qb6 8. Qxb6 axb6 9. Bb5 Nd7 10. O-O Be7 11. Rfe1 O-O 12. a4 Rfc8 13. h3 Bh5 14. g4 Bg6 15. Kg2 Nf6 16. Ne5 Nxe5 17. Bxe5 Ne8 18. f3 Nd6 19. Bf1 c4 20. e4 b5 21. Bxd6 Bxd6 22. exd5 exd5 23. axb5 Bf4 24. Rxa8 Rxa8 25. Nb1 Kf8 26. Na3 Bd2 27. Re5 Rd8 28. Re2 Bc1 29. Kg3 Bd3 30. Re1 Bxb2 31. Bxd3 cxd3 32. Nb1 Ra8 33. Rd1 Ra1 34. Kf4 Ra5 35. Ke3 Rxb5 36. Kxd3 Ra5 37. Nd2 Ba3 38. Rb1 b5 39. Nb3 Ra7 40. Nc5 Bxc5 41. dxc5 Ke7 42. Rxb5 Kd7 43. Rb6 Ra4 44. Rd6+ Kc7 45. Rxd5 Ra1 46. Rh5 h6 47. Rf5 f6 48. h4 Kc6 49. h5 Rd1+ 50. Ke3 Re1+ 51. Kd4 Rf1 52. Rf4 Rf2 53. Ke4 Re2+ 54. Kf5 Re5+ 55. Kg6 Rg5+ 56. Kf7 Kxc5 57. Rf5+ Rxf5 58. gxf5 Kd5 59. Kxg7 Ke5 60. Kg6 Kf4 61. Kxf6 1-0


[Site "https://www.chess.com"]

[Event "Titled Tuesday Blitz October 19 2021"]
[White "Vallejo Diaz, Javier"]
[Black "De Silva, L M S T"]
[WhiteFideId "2256398"]
[BlackFideId "9953698"]
[WhiteElo "2644"]
[BlackElo "1621"]
[Result "1-0"]
[Round "08"]
[TimeControl "180+1"]
[Date "2021.10.19"]
[WhiteClock "0:00:15"]
[BlackClock "0:00:07"]

1. e4 e5 2. Nf3 Nc6 3. Bb5 a6 4. Ba4 Nf6 5. d3 b5 6. Bb3 Be7 7. a4 b4 8. Nbd2 O-O 9. O-O d6 10. h3 a5 11. Re1 h6 12. Nf1 Be6 13. Ng3 Bxb3 14. cxb3 Re8 15. d4 Bf8 16. d5 Ne7 17. Nh4 Nh7 18. Nhf5 Nxf5 19. Nxf5 Qf6 20. Qg4 Kh8 21. Be3 h5 22. Qe2 g6 23. Ng3 h4 24. Nf1 Be7 25. Rac1 Bd8 26. Rc6 Rg8 27. Nh2 g5 28. f3 Qg6 29. Qb5 Bf6 30. Rxc7 Bg7 31. Qd3 Raf8 32. Rc6 f5 33. Rec1 Rf7 34. Rc8 Bf8 35. R1c6 Qf6 36. exf5 Qxf5 37. Qe4 Qf6 38. Ng4 Qg7 39. Ra6 Nf6 40. Nxf6 Rxf6 41. Raa8 Rg6 42. Qg4 Qh7 43. Rxf8 Rxf8 44. Rxf8+ Kg7 45. Rf5 Qg8 46. Rxg5 1-0


[Site "https://www.chess.com"]

[Event "Titled Tuesday Blitz October 19 2021"]
[White "Vokhidov, Shamsiddin"]
[Black "Erdogmus, Yagiz Kaan"]
[WhiteFideId "14204223"]
[BlackFideId "44599790"]
[WhiteElo "2616"]
[BlackElo "1783"]
[Result "1-0"]
[Round "08"]
[TimeControl "180+1"]
[Date "2021.10.19"]
[WhiteClock "0:01:33"]
[BlackClock "0:00:06"]

1. c4 d6 2. d4 Nd7 3. Nc3 e5 4. Nf3 Ngf6 5. e4 a5 6. Bd3 g6 7. O-O Bg7 8. Be3 O-O 9. Qd2 exd4 10. Nxd4 Ne5 11. f3 Nxd3 12. Qxd3 Nd7 13. Qd2 a4 14. Bh6 Ne5 15. Bxg7 Kxg7 16. b3 a3 17. f4 Nc6 18. Ndb5 Ne7 19. Rad1 Bd7 20. e5 Bxb5 21. Nxb5 Nf5 22. g4 Nh6 23. exd6 c6 24. Qd4+ Kg8 25. Nc7 Nxg4 26. Nxa8 Qh4 27. Rd2 Rxa8 28. d7 Rd8 29. f5 gxf5 30. Rxf5 h5 31. Rg2 Qe1+ 32. Rf1 Qe7 33. h3 Rxd7 34. Qf4 Qc5+ 35. Qf2 Qg5 36. hxg4 hxg4 37. Qf4 Qc5+ 38. Kh1 Qh5+ 39. Rh2 Qg6 40. Qb8+ 1-0


[Site "https://www.chess.com"]

[Event "Titled Tuesday Blitz October 19 2021"]
[White "Weichhold, Pawel"]
[Black "Wagner, Dennis"]
[WhiteFideId "1139703"]
[BlackFideId "24650684"]
[WhiteElo "2309"]
[BlackElo "2355"]
[Result "1-0"]
[Round "08"]
[TimeControl "180+1"]
[Date "2021.10.19"]
[WhiteClock "0:00:04"]
[BlackClock "0:00:02"]

1. e4 e5 2. Nf3 Nc6 3. Bb5 a6 4. Ba4 Nf6 5. O-O Be7 6. Re1 b5 7. Bb3 d6 8. c3 O-O 9. d4 Bg4 10. Be3 Bh5 11. h3 exd4 12. cxd4 Na5 13. Bc2 Nc4 14. Bc1 d5 15. e5 Ne4 16. Nc3 Nxc3 17. bxc3 a5 18. g4 Bg6 19. Bf5 Ra6 20. Kg2 b4 21. h4 bxc3 22. h5 Bxf5 23. gxf5 Bb4 24. Rg1 a4 25. Bf4 Re8 26. Kh2 Nd2 27. Rg4 Qc8 28. Nxd2 Qxf5 29. Nf1 c2 30. Qe2 Qxh5+ 31. Kg2 Rg6 32. f3 Qf5 33. Kg3 Ba3 34. Ne3 Rxg4+ 35. fxg4 Qe4 36. Qxc2 Qxd4 37. Rd1 Qb6 38. Nxd5 Qa5 39. Ne3 Bc5 40. Qd2 Qb6 41. Qd3 h6 42. Nd5 Qb2 43. Rd2 Qa1 44. Rd1 Qxa2 45. Nc3 Qf2+ 46. Kh3 g5 47. Bg3 Qb2 48. Ne4 Be7 49. Rf1 a3 50. Qf3 Rf8 51. Rf2 Qb1 52. Rf1 a2 53. Nc3 1-0


[Site "https://www.chess.com"]

[Event "Titled Tuesday Blitz October 19 2021"]
[White "Yilmaz, Mustafa"]
[Black "Nogerbek, Kazybek"]
[WhiteFideId "6302718"]
[BlackFideId "13710427"]
[WhiteElo "2518"]
[BlackElo "2436"]
[Result "1-0"]
[Round "08"]
[TimeControl "180+1"]
[Date "2021.10.19"]
[WhiteClock "0:00:05"]
[BlackClock "0:00:02"]

1. d4 d5 2. c4 dxc4 3. e4 Nf6 4. e5 Nd5 5. Bxc4 Nb6 6. Bb3 Nc6 7. Ne2 Bf5 8. Nbc3 e6 9. Be3 Be7 10. O-O O-O 11. Ng3 Bg6 12. f4 Qd7 13. d5 Na5 14. dxe6 Qxd1 15. exf7+ Bxf7 16. Bxf7+ Kxf7 17. Raxd1 Nac4 18. Bc1 Bc5+ 19. Kh1 Be3 20. b3 Bxc1 21. Rxc1 Ne3 22. Rfe1 Ng4 23. h3 Nf2+ 24. Kg1 Nd3 25. Nb5 c6 26. Nd6+ Kg8 27. f5 Nd5 28. Nxb7 Ne7 29. Nd6 a5 30. Red1 Nxc1 31. Rxc1 a4 32. Rc4 axb3 33. axb3 Ra1+ 34. Kh2 Re1 35. e6 Rd1 36. Nf7 Rd5 37. Rf4 Rb5 38. h4 Rxb3 39. Rg4 Rxg3 40. Nh6+ Kh8 41. Nf7+ Kg8 42. Rxg3 Nxf5 43. Rg4 Re8 44. Re4 c5 45. Re5 Nxh4 46. Nd6 Ng6 47. Rxc5 Rxe6 48. Rc8+ Nf8 49. Nf5 Rf6 50. g4 h5 51. Kh3 Kh7 52. Kh4 g6 53. Rc7+ Kh8 54. Nh6 hxg4 55. Nf7+ Kg8 56. Nh6+ Kh8 57. Nxg4 Rf5 58. Ra7 Kg8 59. Nh6+ Kh8 60. Nxf5 gxf5 61. Kg5 f4 62. Kf6 f3 63. Kf7 f2 64. Ra1 Nd7 65. Rh1# 1-0


[Site "https://www.chess.com"]

[Event "Titled Tuesday Blitz October 19 2021"]
[White "Zhigalko, Sergei"]
[Black "Erdogdu, Mert"]
[WhiteFideId "13502956"]
[BlackFideId "6301495"]
[WhiteElo "2662"]
[BlackElo "2485"]
[Result "1-0"]
[Round "08"]
[TimeControl "180+1"]
[Date "2021.10.19"]
[WhiteClock "0:00:04"]
[BlackClock "0:00:08"]

1. e4 c5 2. Nf3 d6 3. d4 cxd4 4. Qxd4 Nc6 5. Bb5 Bd7 6. Bxc6 Bxc6 7. Nc3 Nf6 8. Bg5 e6 9. O-O-O Be7 10. Rhe1 O-O 11. Kb1 b5 12. Bxf6 Bxf6 13. Qxd6 Qxd6 14. Rxd6 Rfc8 15. Nd4 Be8 16. e5 Be7 17. Ra6 b4 18. Ncb5 Bc5 19. Re4 Rab8 20. Nd6 Rc7 21. Nb3 Bxf2 22. Nxe8 Rxe8 23. Rxb4 Bg1 24. h3 Bh2 25. Rb5 Rd8 26. c3 h5 27. Nd4 Bf4 28. a4 Be3 29. Rc6 Rcd7 30. Nb3 Rd1+ 31. Ka2 Rg1 32. g4 hxg4 33. hxg4 Rxg4 34. a5 Rd1 35. Rb4 Rg5 36. Rb8+ Kh7 37. Rc7 Kg6 38. Rbb7 Rf1 39. Rxa7 Bxa7 40. Rxa7 Rxe5 41. Nd4 f5 42. b4 f4 43. Kb3 f3 44. Nxf3 Rxf3 45. a6 Re1 46. Rb7 Ra1 47. a7 e5 48. b5 Rf6 49. b6 e4 50. c4 e3 51. Kb2 Rxb6+ 52. Rxb6+ Kf5 53. Kxa1 e2 54. Rb1 1-0


[Site "https://www.chess.com"]

[Event "Titled Tuesday Blitz October 19 2021"]
[White "Zubov, Alexander"]
[Black "Kamsky, Gata"]
[WhiteFideId "14109409"]
[BlackFideId "2000024"]
[WhiteElo "2685"]
[BlackElo "2603"]
[Result "1-0"]
[Round "08"]
[TimeControl "180+1"]
[Date "2021.10.19"]
[WhiteClock "0:00:55"]
[BlackClock "0:00:10"]

1. d4 f5 2. Nc3 Nf6 3. Bg5 d5 4. e3 e6 5. Nf3 Be7 6. Bd3 O-O 7. Ne2 c6 8. O-O Ne4 9. Bxe7 Qxe7 10. c4 Bd7 11. Ne5 Be8 12. f3 Nd6 13. c5 Nf7 14. b4 a6 15. Qd2 Nd7 16. f4 Nf6 17. a4 Nxe5 18. dxe5 Nd7 19. Rfc1 Rf7 20. Qc3 g5 21. Nd4 Nf8 22. g3 h5 23. Nf3 Nh7 24. h4 gxh4 25. Nxh4 Rg7 26. Kf2 Rb8 27. Rab1 Rc8 28. Rh1 Rb8 29. Be2 b6 30. cxb6 Rxb6 31. a5 Rb8 32. Bxa6 Qa7 33. Bd3 Rgb7 34. Nf3 Nf8 35. Nd4 Rc7 36. Qc5 Qb7 37. Rhc1 Rg7 38. a6 Qf7 39. Rg1 Nd7 40. Qd6 c5 1-0


[Site "https://www.chess.com"]

[Event "Titled Tuesday Blitz October 19 2021"]
[White "Abarca Gonzalez, Nicolas"]
[Black "Weichhold, Pawel"]
[WhiteFideId "3409422"]
[BlackFideId "1139703"]
[WhiteElo "2504"]
[BlackElo "2309"]
[Result "1-0"]
[Round "09"]
[TimeControl "180+1"]
[Date "2021.10.19"]
[WhiteClock "0:01:27"]
[BlackClock "0:00:07"]

1. e4 c5 2. Nf3 Nc6 3. Bb5 g6 4. Bxc6 dxc6 5. e5 Bg4 6. O-O Bg7 7. Re1 Qc7 8. Nc3 Bxf3 9. Qxf3 Bxe5 10. Ne4 Bg7 11. d3 b6 12. Bf4 e5 13. Bg5 f5 14. Nd2 Nf6 15. Nc4 O-O 16. Nxe5 Nd5 17. c4 Bxe5 18. cxd5 Rae8 19. dxc6 Bxb2 20. Rab1 Bc3 21. Rxe8 Rxe8 22. Bf4 Qe7 23. h4 Qe2 24. Qd5+ Qe6 25. Qf3 Qe2 26. Qxe2 Rxe2 27. c7 Re8 28. Rb3 Bd4 29. Ra3 a5 30. Rb3 c4 31. dxc4 Kf7 32. Rd3 Bf6 33. Rd7+ Ke6 34. Rd6+ Kf7 35. Rxb6 Bxh4 36. Rb8 Re1+ 37. Kh2 1-0


[Site "https://www.chess.com"]

[Event "Titled Tuesday Blitz October 19 2021"]
[White "Aggelis, Nikolaos"]
[Black "Maly, Alexey"]
[WhiteFideId "4213220"]
[BlackFideId "14103184"]
[WhiteElo "2154"]
[BlackElo "2294"]
[Result "1/2-1/2"]
[Round "09"]
[TimeControl "180+1"]
[Date "2021.10.19"]
[WhiteClock "0:00:05"]
[BlackClock "0:00:11"]

1. d4 d5 2. Nf3 Nf6 3. c4 dxc4 4. e3 e6 5. Bxc4 a6 6. O-O b5 7. Be2 Bb7 8. Ne5 c5 9. Bf3 Qb6 10. Bxb7 Qxb7 11. Qf3 Qxf3 12. Nxf3 Nbd7 13. a4 b4 14. Nbd2 Be7 15. Nb3 O-O 16. dxc5 Nxc5 17. Nxc5 Bxc5 18. Bd2 Rac8 19. Rfc1 a5 20. Rc4 Be7 21. Rac1 Rxc4 22. Rxc4 Rd8 23. Kf1 Nd7 24. Nd4 Kf8 25. Nc6 Ra8 26. Nxa5 Nb6 27. Rc6 Nxa4 28. Nc4 Ke8 29. Rc7 Rb8 30. Ke2 Nc5 31. Na5 Bd6 32. Ra7 Ne4 33. Nc4 Bc5 34. Ra5 Be7 35. f3 Nc5 36. Ra7 Nb3 37. Na5 Nxa5 38. Rxa5 Rc8 39. Rb5 Rc2 40. b3 Rb2 41. Kd1 Rxb3 42. Rb8+ Kd7 43. Rb7+ Kd8 44. Rxe7 Kxe7 45. Kc2 Rc3+ 46. Bxc3 bxc3 47. Kxc3 Kd6 48. Kd4 e5+ 49. Kc4 f6 50. e4 h5 51. h4 Kc6 52. Kb4 Kb6 53. Kc4 Kc6 54. Kb4 g6 55. g4 Kd6 56. Kc4 Kc6 57. gxh5 gxh5 58. Kb4 Kb6 59. Kc4 Kc6 60. Kb4 Kb6 61. Kc4 Kc6 1/2-1/2


[Site "https://www.chess.com"]

[Event "Titled Tuesday Blitz October 19 2021"]
[White "Aloma Vidal, Robert"]
[Black "Diaz Camallonga, Carles"]
[WhiteFideId "2260409"]
[BlackFideId "22235256"]
[WhiteElo "2435"]
[BlackElo "2438"]
[Result "1-0"]
[Round "09"]
[TimeControl "180+1"]
[Date "2021.10.19"]
[WhiteClock "0:00:17"]
[BlackClock "0:00:01"]

1. e4 e6 2. d4 d5 3. e5 c5 4. c3 Nc6 5. Nf3 Bd7 6. Bd3 cxd4 7. O-O Qb6 8. Re1 dxc3 9. bxc3 Nge7 10. h4 h6 11. h5 Nf5 12. Nbd2 Bc5 13. Rf1 Ng3 14. Rb1 Qc7 15. Re1 Nxh5 16. c4 Nf4 17. Bf1 dxc4 18. Ne4 Bxf2+ 19. Kxf2 Nd5 20. Bxc4 O-O 21. Bxh6 Nxe5 22. Bxd5 Ng4+ 23. Kg1 exd5 24. Bxg7 Kxg7 25. Qd4+ 1-0


[Site "https://www.chess.com"]

[Event "Titled Tuesday Blitz October 19 2021"]
[White "Aradhya, Garg"]
[Black "Indjic, Aleksandar"]
[WhiteFideId "25006746"]
[BlackFideId "911925"]
[WhiteElo "2146"]
[BlackElo "2643"]
[Result "1-0"]
[Round "09"]
[TimeControl "180+1"]
[Date "2021.10.19"]
[WhiteClock "0:00:08"]
[BlackClock "0:00:05"]

1. d4 Nf6 2. c4 c5 3. dxc5 e6 4. Be3 Na6 5. Nc3 Nxc5 6. g3 Nce4 7. Nxe4 Nxe4 8. Bg2 Bb4+ 9. Kf1 Nf6 10. Nf3 O-O 11. Ne5 d6 12. Nd3 Ba5 13. Rc1 Bc7 14. c5 d5 15. Bf4 a5 16. Qd2 Re8 17. Be5 Ne4 18. Bxe4 dxe4 19. Bxc7 Qxc7 20. Qf4 e5 21. Qxe4 Bd7 22. Qe3 Bc6 23. Rg1 Rad8 24. h4 f6 25. g4 Rd4 26. f3 Qf7 27. b3 Red8 28. Nf2 a4 29. Kg2 h5 30. Kh2 Qe7 31. a3 axb3 32. Qxb3+ Kh8 33. Qe3 f5 34. Qg5 Qxg5 35. hxg5 hxg4 36. fxg4 f4 37. Rgd1 Kh7 38. Rxd4 Rxd4 39. Kg1 Kg6 40. Nd3 Re4 41. Kf2 Kxg5 42. Rb1 Re3 43. Rb6 e4 44. Ne5 Rxa3 45. Nxc6 bxc6 46. Rxc6 Ra2 47. Re6 Kxg4 48. Rxe4 Rc2 49. Re5 g5 50. Kg2 Kh4 51. Kf3 Rc3+ 52. e3 fxe3 53. Rxe3 g4+ 54. Kf4 Rxe3 55. Kxe3 g3 56. c6 Kh3 57. c7 g2 58. c8=Q+ Kg3 59. Qg8+ Kh2 60. Kf2 g1=Q+ 61. Qxg1+ 1-0


[Site "https://www.chess.com"]

[Event "Titled Tuesday Blitz October 19 2021"]
[White "Bekturov, Tamerlan"]
[Black "Vokhidov, Shamsiddin"]
[WhiteFideId "13710184"]
[BlackFideId "14204223"]
[WhiteElo "2186"]
[BlackElo "2616"]
[Result "1-0"]
[Round "09"]
[TimeControl "180+1"]
[Date "2021.10.19"]
[WhiteClock "0:00:44"]
[BlackClock "0:00:52"]

1. d4 Nf6 2. c4 e6 3. Nf3 b6 4. g3 Ba6 5. b3 Bb4+ 6. Bd2 Be7 7. Bg2 c6 8. O-O d5 9. Qc2 Nbd7 10. a4 Rc8 11. a5 c5 12. axb6 Qxb6 13. dxc5 Bxc5 14. b4 Be7 15. c5 Qb7 16. Nd4 O-O 17. Qa4 Bxc5 18. bxc5 Nxc5 19. Qb4 Qc7 20. Rc1 Nfd7 21. Qa5 Qe5 22. Bc3 Qh5 23. Bf3 Qg6 24. Nd2 Ne5 25. Bb4 Nxf3+ 26. exf3 Nd3 27. Rxc8 Bxc8 28. Bxf8 1-0


[Site "https://www.chess.com"]

[Event "Titled Tuesday Blitz October 19 2021"]
[White "Bluebaum, Matthias"]
[Black "Ozen, Bahadir"]
[WhiteFideId "24651516"]
[BlackFideId "6337058"]
[WhiteElo "2681"]
[BlackElo "2503"]
[Result "1/2-1/2"]
[Round "09"]
[TimeControl "180+1"]
[Date "2021.10.19"]
[WhiteClock "0:00:04"]
[BlackClock "0:00:05"]

1. d4 d5 2. Nf3 Nf6 3. Bf4 Bf5 4. c4 Bxb1 5. Rxb1 e6 6. Qb3 Qc8 7. e3 Bd6 8. Bg5 Nbd7 9. Rc1 c6 10. Bd3 O-O 11. O-O h6 12. Bh4 a5 13. a3 a4 14. Qc2 Qb8 15. Rfd1 Re8 16. e4 dxe4 17. Bxe4 Bf4 18. Rb1 Ra5 19. Bd3 Bc7 20. b4 axb3 21. Qxb3 b6 22. Bc2 Qa7 23. a4 Rh5 24. Re1 Qa5 25. Qd3 Qa8 26. Re2 Qb8 27. Bg3 Bxg3 28. hxg3 Ra5 29. Qc3 Qc7 30. Rbe1 Rd8 31. Qe3 Ng4 32. Qc3 Ngf6 33. Rd1 Raa8 34. Red2 Ra7 35. Qe3 Raa8 36. Qe2 Rab8 37. Ne5 Nxe5 38. dxe5 Nd7 39. Qd3 g6 40. Qe3 Kg7 41. Qf4 g5 42. Qe4 Nf8 43. Rd6 c5 44. f4 Qe7 45. f5 exf5 46. Qxf5 Rxd6 47. exd6 Qf6 48. Qd3 Rd8 49. Qd5 Ne6 50. Qe4 Nf8 51. Qc6 Nd7 52. Rf1 Qd4+ 53. Kh1 Ne5 54. Qxb6 Rxd6 55. Qc7 h5 56. Bf5 Rh6 57. Bh3 h4 58. gxh4 g4 59. Rf5 gxh3 60. Qxe5+ Qxe5 61. Rxe5 hxg2+ 62. Kxg2 Rxh4 63. Rxc5 Kf6 64. a5 Ke6 65. a6 Rh8 66. Kf3 Ra8 67. Ra5 Kd6 68. Ke4 Kc6 69. Kd4 Kb6 70. Rf5 Ra7 71. Rf6+ Ka5 72. Kc5 Rxa6 73. Rxf7 Ra8 74. Rc7 Ka6 75. Rg7 Rc8+ 76. Kd5 Kb6 77. Rg6+ Kc7 78. Rg7+ Kb6 79. Rg6+ Kb7 80. c5 Rd8+ 81. Kc4 Rd1 82. Rd6 Rxd6 83. cxd6 Kc6 84. d7 Kxd7 1/2-1/2


[Site "https://www.chess.com"]

[Event "Titled Tuesday Blitz October 19 2021"]
[White "Bologan, Victor"]
[Black "Janaszak, Dawid"]
[WhiteFideId "13900048"]
[BlackFideId "1119206"]
[WhiteElo "2511"]
[BlackElo "2215"]
[Result "0-1"]
[Round "09"]
[TimeControl "180+1"]
[Date "2021.10.19"]
[WhiteClock "0:00:02"]
[BlackClock "0:00:20"]

1. e4 e5 2. Nf3 Nc6 3. Bc4 Nf6 4. d3 Bc5 5. c3 d6 6. O-O a6 7. a4 Ba7 8. a5 Ne7 9. Be3 Ng6 10. Nbd2 O-O 11. d4 c6 12. dxe5 dxe5 13. Bxa7 Rxa7 14. Qb3 Qe7 15. Rfe1 Nh5 16. g3 Bg4 17. Re3 Raa8 18. Bf1 Kh8 19. h3 Be6 20. Qb4 Qxb4 21. cxb4 Rad8 22. Rc1 Rd7 23. Nc4 Bxc4 24. Bxc4 Rfd8 25. Kg2 Nf6 26. Be2 Ne8 27. h4 f6 28. h5 Nf8 29. Bc4 Nd6 30. Nh4 Nxc4 31. Rxc4 Rd2 32. Rb3 Ne6 33. Nf3 Rd1 34. Rc2 Kg8 35. Rbc3 Kf7 36. Rc4 Ke7 37. R4c3 R8d7 38. Rc4 R1d3 39. R2c3 Rd1 40. Nh4 R7d2 41. Nf5+ Kf7 42. Rc2 Ng5 0-1


[Site "https://www.chess.com"]

[Event "Titled Tuesday Blitz October 19 2021"]
[White "De Silva, L M S T"]
[Black "Khusenkhojaev, Muhammad"]
[WhiteFideId "9953698"]
[BlackFideId "14700247"]
[WhiteElo "1621"]
[BlackElo "2190"]
[Result "0-1"]
[Round "09"]
[TimeControl "180+1"]
[Date "2021.10.19"]
[WhiteClock "0:00:13"]
[BlackClock "0:00:44"]

1. Nf3 d5 2. b3 c5 3. Bb2 Nc6 4. e3 Nf6 5. Bb5 Qc7 6. Ne5 Bd7 7. Bxc6 Bxc6 8. O-O e6 9. f4 Be7 10. d3 O-O 11. Nd2 b5 12. Rf3 Rfd8 13. Rh3 d4 14. e4 Be8 15. g4 Nd7 16. Nxd7 Bxd7 17. Qf3 Bd6 18. e5 Bc6 19. Ne4 Be7 20. Re1 c4 21. g5 g6 22. Qg3 Bxe4 23. Rxe4 cxb3 24. cxb3 Qc2 25. Qf2 Rac8 26. Re2 Qb1+ 27. Kg2 Qxa2 28. f5 exf5 29. e6 Qxb3 30. exf7+ Qxf7 31. Qf4 Bf8 32. Rg3 b4 33. h4 b3 34. h5 Rc2 35. Rxc2 bxc2 36. h6 Qb7+ 37. Kh3 Qxb2 38. Qe5 Qb7 39. Qf6 Qe7 0-1


[Site "https://www.chess.com"]

[Event "Titled Tuesday Blitz October 19 2021"]
[White "Demchenko, Anton"]
[Black "Nagy, Gabor"]
[WhiteFideId "4160258"]
[BlackFideId "737119"]
[WhiteElo "2583"]
[BlackElo "2534"]
[Result "1-0"]
[Round "09"]
[TimeControl "180+1"]
[Date "2021.10.19"]
[WhiteClock "0:00:07"]
[BlackClock "0:00:14"]

1. e4 g6 2. d4 Bg7 3. Nf3 d6 4. Be2 Nf6 5. Nc3 O-O 6. O-O Nc6 7. d5 Nb8 8. h3 c6 9. a4 b6 10. Re1 Bb7 11. Bc4 Nbd7 12. Bg5 Rc8 13. dxc6 Bxc6 14. Ba6 Rb8 15. Bb5 Bb7 16. Nd5 h6 17. Bc1 Nxd5 18. exd5 Nf6 19. Bc4 Qc7 20. Bb3 Rfe8 21. c3 Rbc8 22. Be3 Qb8 23. Qd2 Qa8 24. Rad1 Kh7 25. Ba2 e5 26. dxe6 Bxf3 27. gxf3 Qxf3 28. Qxd6 Ne4 29. Qf4 Ng5 30. Qxf3 Nxf3+ 31. Kf1 Nxe1 32. exf7 Rxe3 33. fxe3 Nf3 34. Rd7 a5 35. Rd6 Rb8 36. Ke2 Ne5 37. b4 axb4 38. cxb4 Rf8 39. Rxb6 Nxf7 40. a5 Ng5 41. Bb1 Nxh3 42. Bxg6+ Kh8 43. a6 Rf2+ 44. Kd3 Ra2 45. Rb8+ Bf8 46. Rxf8+ Kg7 47. Ra8 Ra3+ 48. Kc4 Kxg6 49. b5 Kg7 50. b6 Ng5 51. b7 Nf7 52. b8=Q h5 53. Qf8+ Kf6 54. Qxa3 1-0


[Site "https://www.chess.com"]

[Event "Titled Tuesday Blitz October 19 2021"]
[White "Djokic, Mihailo"]
[Black "Weetik, Vjacheslav"]
[WhiteFideId "976440"]
[BlackFideId "4153472"]
[WhiteElo "2008"]
[BlackElo "2469"]
[Result "0-1"]
[Round "09"]
[TimeControl "180+1"]
[Date "2021.10.19"]
[WhiteClock "0:00:01"]
[BlackClock "0:00:05"]

1. e4 c6 2. d4 d5 3. e5 Bf5 4. h4 Qb6 5. Ne2 e6 6. Ng3 Ne7 7. Nc3 Nd7 8. Be2 O-O-O 9. Rb1 f6 10. exf6 gxf6 11. b4 Rg8 12. Na4 Qc7 13. Be3 Rxg3 14. fxg3 Qxg3+ 15. Bf2 Qxg2 16. Bf3 Qg6 17. h5 Qg5 18. Qe2 Bh6 19. b5 e5 20. bxc6 Nxc6 21. Bxd5 Nb6 22. Bxc6 bxc6 23. Qa6+ Kd7 24. Qxa7+ Ke8 25. Qxb6 Qd2+ 26. Kf1 Qxc2 27. Re1 Bd3+ 28. Kg1 Rd7 29. Rh3 Rg7+ 30. Rg3 Rxg3+ 31. Bxg3 Qd2 32. Qxc6+ Kf7 33. Qd7+ Kg8 34. Qe8+ Kg7 35. Qe7+ Kg8 36. Qe6+ Kg7 37. Qg4+ Kf7 38. dxe5 Be3+ 39. Kh1 f5 40. e6+ Kxe6 41. Qf3 Be4 42. Rxe3 Qxe3 43. Qxe4+ Qxe4+ 44. Kh2 Qxa4 0-1


[Site "https://www.chess.com"]